 Dungeon Crawl Stone Soup version 0.28.0 (webtiles) character file.

Game seed: 10746163752079987840

107 LustLizard the Chopper (level 4, 0/61 HPs)
             Began as a Minotaur Berserker on Feb 7, 2022.
             Was a Believer of Trog.
             Killed from afar by an orc wizard (2 damage)
             ... with a magic dart
             ... on level 3 of the Dungeon.
             The game lasted 00:02:33 (2018 turns).

LustLizard the Chopper (Minotaur Berserker)         Turns: 2018, Time: 00:02:33

Health: 0/61       AC:  4    Str: 21    XL:     4   Next: 56%
Magic:  3/3        EV: 12    Int:  6    God:    Trog [**....]
Gold:   87         SH:  0    Dex: 10    Spells: 3/3 levels left

rFire   . . .      SeeInvis .   m - +4 hand axe
rCold   . . .      Faith    .   (no shield)
rNeg    . . .      Spirit   .   b - +0 animal skin
rPois   .          Reflect  .   (helmet restricted)
rElec   .          Harm     .   (no cloak)
rCorr   .          Rampage  .   (no gloves)
Will    .....                   k - +1 pair of boots
Stlth   ..........              (no amulet)
HPRegen 0.20/turn               (no ring)
MPRegen 0.08/turn               (no ring)

@: berserking, very quick
A: horns 2, retaliatory headbutt
a: Renounce Religion, Berserk, Trog's Hand


You were on level 3 of the Dungeon.
You worshipped Trog.
Trog was pleased with you.
You visited 1 branch of the dungeon, and saw 3 of its levels.

You collected 87 gold pieces.

Inventory:

Hand Weapons
 a - a +0 hand axe
 m - a +4 hand axe (weapon)
Missiles
 d - 3 poisoned darts (quivered)
 f - 23 stones
Armour
 b - a +0 animal skin (worn)
 k - a +1 pair of boots (worn)
Jewellery
 j - an amulet of regeneration
Scrolls
 c - 2 scrolls of vulnerability {unknown}
 e - a scroll of silence {unknown}
 g - a scroll of enchant weapon {unknown}
 l - a scroll of teleportation {unknown}
 n - a scroll of fear {unknown}
Potions
 h - a potion of resistance {unknown}
 i - a potion of attraction {unknown}


   Skills:
 + Level 4.4 Fighting
 * Level 5.1 Axes
 * Level 2.2 Throwing
 - Level 2.4 Armour
 - Level 2.1 Dodging


You had 3 spell levels left.
You didn't know any spells.
Your spell library was empty.

Dungeon Overview and Level Annotations

Branches:
Dungeon (3/15)

Altars:


Innate Abilities, Weirdness & Mutations

You have a pair of horns on your head.
You reflexively headbutt those who attack you in melee.


Message History

You slash something! You slash the orc! Your headbutt misses the orc.
The orc is almost dead.
You hit the orc.
You kill the orc!
Trog accepts your kill.
You hit something but do no damage.
You hear some strange, mumbled words.
A magic dart appears from out of thin air!
The magic dart hits you.
* * * LOW HITPOINT WARNING * * *
You barely miss something. Your headbutt misses something. Something hits you.
* * * LOW HITPOINT WARNING * * *
You hit something. Trog accepts your kill.
Trog appreciates your killing of a magic user.
Reactivating autopickup.
You feel a bit more experienced.
Your Axes skill increases to level 5!
Your Throwing skill increases to level 2!
Deactivating autopickup; reactivate with Ctrl-A.
You hit something. Your headbutt misses something.
Something hits you but does no damage.
You hit something. Something hits you.
* * * LOW HITPOINT WARNING * * *
You miss something. Something barely misses you.
You miss something. Your headbutt misses something. Something hits you.
* * * LOW HITPOINT WARNING * * *
Something hits you but does no damage.
You barely miss something. Your headbutt misses something. Something hits you.
* * * LOW HITPOINT WARNING * * *
You hit something but do no damage. Something hits you.
* * * LOW HITPOINT WARNING * * *
You hit something. Something barely misses you.
A red film seems to cover your vision as you go berserk!
You feel yourself moving faster!
You feel mighty!
You hear some strange, mumbled words.
A magic dart appears from out of thin air!
The magic dart hits you.
You die...

.##.###.### ....# #...#
.##.# #.#.# .###..(##.#
.# ##.# #.#####... ##
#...##.........
.........#######
.##...###.##########..#
##...........@{B....#
###########.#####...
#... #####


You could see a giant cockroach.

Vanquished Creatures
  An orc priest (D:3)
  An orc wizard (D:3)
  2 adders (D:2)
  A worm (D:2)
  An orc (D:3)
  A ball python (D:1)
  5 endoplasms
  A giant cockroach (D:1)
  3 goblins
  3 hobgoblins
  2 quokkas (D:1)
  3 bats
  4 frilled lizards
  5 kobolds
  A rat (D:1)
34 creatures vanquished.

Notes
Turn   | Place    | Note
-------+----------+-------------------------------------------
     0 | D:1      | LustLizard the Minotaur Berserker began the quest for the
                  | Orb.
     0 | D:1      | Reached XP level 1. HP: 19/19 MP: 0/0
   125 | D:1      | Reached skill level 4 in Axes
   257 | D:1      | Reached XP level 2. HP: 25/27 MP: 1/1
   351 | D:1      | You fall into a shaft and drop 1 floor!
   661 | D:2      | Found a faded altar of an unknown god.
   739 | D:1      | Reached skill level 1 in Throwing
   927 | D:1      | Reached XP level 3. HP: 21/33 MP: 2/2
  1998 | D:3      | Reached ** piety under Trog
  1999 | D:3      | Reached XP level 4. HP: 22/41 MP: 3/3
  2011 | D:3      | Reached skill level 5 in Axes
  2016 | D:3      | HP: 1/41 [something (2)]
  2018 | D:3      | Killed from afar by an orc wizard

Illustrated notes

Levels and vault maps discovered:
D:1:      ncdulo_watergridlock, layout_rooms, minivault_5
D:2:      layout_loops_ring, basic_ecumenical_altar
D:3:      layout_loops_ring, roderic_serpentine_path

Skill      XL: |  1  2  3  4 |
---------------+-------------+-----
Axes           | 4 5 |  5.1
Fighting       | 4 |  4.4
Throwing       | 1 2 |  2.2
Armour         | |  2.4
Dodging        | |  2.1

Action                   |  1- 3 |  4- 6 || total
-------------------------+-------+-------++-------
Melee: Hand axe          |    72 |    19 ||    91
       Headbutt          |    13 |       ||    13
Throw: Dart              |     4 |       ||     4
Invok: Berserk           |       |     1 ||     1
 Stab: Sleeping          |     1 |       ||     1
Armor: Animal skin       |    10 |     4 ||    14
Dodge: Dodged            |    36 |     2 ||    38
